 Dungeon Crawl Stone Soup version 0.31.0-11-ge490571c62 (webtiles) character file.

Game seed: 13255806665249418568

11036 Strat the Thaumaturge (level 11, -5/67 HPs)
             Began as a Deep Elf Air Elementalist on Feb 3, 2024.
             Was a Believer of Sif Muna.
             Slain by a boulder beetle (17 damage)
             ... on level 11 of the Dungeon.
             The game lasted 00:33:07 (15850 turns).

Strat the Thaumaturge (Deep Elf Air Elementalist)  Turns: 15850, Time: 00:33:08

Health: -5/67      AC:  8    Str:  5    XL:     11   Next: 44%
Magic:  8/29       EV: 15    Int: 25    God:    Sif Muna [**....]
Gold:   462        SH:  0    Dex: 15    Spells: 5/34 levels left

rFire   . . .        b - +3 whip (venom)
rCold   . . .        (no shield)
rNeg    . . .        q - +0 steam dragon scales
rPois   .            (no helmet)
rElec   .            (no cloak)
rCorr   .            f - +0 pair of gloves
SInv    .            n - +1 pair of boots
Will    +....        (no amulet)
Stlth   +++          (no ring)
HPRegen 0.31/turn    (no ring)
MPRegen 0.21/turn

%: no passive effects
@: about to teleport
A: no striking features
a: Renounce Religion, Channel Magic


You were on level 11 of the Dungeon.
You worshipped Sif Muna.
Sif Muna was pleased with you.
You visited 2 branches of the dungeon, and saw 12 of its levels.
You also visited: Ossuary.

You collected 636 gold pieces.
You spent 174 gold pieces at shops.

Inventory:

Hand Weapons
 a - a +2 short sword of draining
 b - a +3 whip of venom (weapon)
Missiles
 m - 3 throwing nets
Armour
 f - a +0 pair of gloves (worn)
 g - a +0 robe
 n - a +1 pair of boots (worn)
 q - +0 steam dragon scales (worn)
 y - a scarf of invisibility
Jewellery
 e - an amulet of faith
Talismans
 j - a flux talisman
Wands
 s - a wand of iceblast (9)
 u - a wand of polymorph (22)
 A - a wand of digging (7)
Scrolls
 d - 2 scrolls of amnesia
 i - 3 scrolls of teleportation
 k - 6 scrolls of immolation
 x - a scroll of enchant weapon
 z - 2 scrolls of fog
 D - a scroll of summoning {unknown}
 E - 2 scrolls of fear {unknown}
 G - 2 scrolls of identify
 H - a scroll of poison {unknown}
Potions
 c - 6 potions of curing
 h - 2 potions of brilliance
 l - a potion of mutation
 o - 2 potions of magic
 p - a potion of heal wounds
 r - a potion of invisibility
 t - 3 potions of haste
 v - a potion of attraction {unknown}
 w - a potion of cancellation {unknown}
 C - 2 potions of lignification {unknown}
 F - 2 potions of enlightenment {unknown}


   Skills:
 + Level 7.6 Fighting
 + Level 6.8 Dodging
 - Level 6.0 Stealth
 + Level 12.1 Spellcasting
 + Level 5.1 Conjurations
 + Level 3.6 Fire Magic
 - Level 10.0 Air Magic


You had 5 spell levels left.
You knew the following spells:

 Your Spells              Type           Power      Damage    Failure   Level
a - Shock                 Conj/Air       100%       1d9       1%          1
b - Static Discharge      Conj/Air       100%       3-8/arc   1%          2
c - Swiftness             Air            60%        N/A       1%          3
d - Airstrike             Air            30%        2d(5-21)  1%          4
e - Blink                 Tloc           30%        N/A       6%          2
f - Call Imp              Summ           30%        N/A       6%          2
g - Arcjolt               Conj/Air       26%        1d36      4%          5
h - Iskenderun's Mystic   Conj/Tloc      28%        2d7       14%         4
i - Plasma Beam           Fire/Air       24%        2x1d36    36%         6

Your spell library contained the following spells:

 Spells                   Type           Power      Damage    Failure   Level
 Magic Dart               Conj           100%       1d8       1%          1
 Sting                    Conj/Alch      100%       1d9       1%          1
 Mercury Vapours          Alch/Air       80%        N/A       1%          2
 Vhi's Electric Charge    Tloc/Air       80%        N/A       4%          4
 Volatile Blastmotes      Fire/Tloc      48%        2d14      5%          3
 Fulminant Prism          Conj/Alch      14%        3d8       14%         4
 Leda's Liquefaction      Alch/Erth      7%         N/A       36%         4
 Olgreb's Toxic Radiance  Alch           15%        N/A       36%         4
 Lee's Rapid Deconstruct  Erth           7%         3d7*      73%         5
 Bombard                  Conj/Erth      14%        9d3       91%         6


Dungeon Overview and Level Annotations

Branches:
Dungeon (11/15)            Temple (1/1) D:6            Lair (0/5) D:10
    Orc (0/2) D:11        Ossuary (visited)

Altars:
Ashenzari
Cheibriados
Dithmenos
Elyvilon
Fedhas
Gozag
Hepliaklqana
Kikubaaqudgha
Makhleb
Nemelex Xobeh
Okawaru
Qazlal
Ru
Sif Muna
Trog
Uskayaw
Vehumet
Wu Jian
Xom
Yredelemnul
Zin
The Shining One

Shops:
D:1 ?   D:7 [

Portals:
Trove: D:10 (give +8 demon trident)


Message History

Unknown command.
Casting: Airstrike (dangerous; 1% risk of failure)
Confirm with . or Enter, or press ? or * to list all spells.
Aiming: Airstrike (dangerous; 1% risk of failure)
Press: ? - help, Dir - move target, f/p - boulder beetle
Aim: a boulder beetle (heavily wounded, empty space bonus: 8/8)
The air twists around and strikes the boulder beetle!!
The boulder beetle is severely wounded.
Unknown command.
The boulder beetle curls into a ball and begins rolling!
The boulder beetle attacks as it pursues you!
The boulder beetle hits you!!
Ouch! That really hurt!
* * * LOW HITPOINT WARNING * * *
The boulder beetle stops rolling and uncurls.
The boulder beetle bites you!
* * * LOW HITPOINT WARNING * * *
Casting: Airstrike (dangerous; 1% risk of failure)
Confirm with . or Enter, or press ? or * to list all spells.
The boulder beetle is struck by an arc of lightning.
You are struck by an arc of lightning.
* * * LOW HITPOINT WARNING * * *
The boulder beetle is struck by an arc of lightning.
You are struck by an arc of lightning.
* * * LOW HITPOINT WARNING * * *
The lightning grounds out.
The boulder beetle closely misses you.
Unknown command.
Casting: Static Discharge (safe; 1% risk of failure)
Confirm with . or Enter, or press ? or * to list all spells.
The boulder beetle is struck by an arc of lightning.
The boulder beetle is severely wounded.
You are struck by an arc of lightning.
The boulder beetle is struck by an arc of lightning.
You are struck by an arc of lightning.
* * * LOW HITPOINT WARNING * * *
The lightning grounds out.
The boulder beetle barely misses you.
Unknown command.
As you read the scroll of teleportation, it crumbles to dust.
You feel strangely unstable. The boulder beetle bites you!
You die...

..............#.###.####...###.##
....##........#..#..#..#.##....##
..............##.#.#....#..#...##
..............#####..##........##
....#.........# #.#...###...####
............#.# ##.###.##..#..# #
#..........##.# #........>...## #
...........##.###..#.##..##### ##
#.......#..#..##@#.##.##....# .##
#......###....##B##.#.#..##.##..#
....... #....#..#.....#.......##
....#..###....##..##.##......##.#
....#.........##.#.#.##.###.#.###
....###.......###..#.##.#....##.#
...###........##...# (##...#.#...
....##........####.# #..#.#.Z.##
....##........# #.## ##.#######


You could see a boulder beetle.

Vanquished Creatures
  A two-headed ogre (D:11)
  A boulder beetle (D:8)
  Joseph (D:7)
  Jeremiah (D:6)
  2 unseen horrors
  Psyche (D:11)
  A troll (D:9)
  3 shadows
  2 wraiths
  15 yaks
  4 steam dragons
  2 acid dragons
  4 water moccasins
  Duvessa (D:6)
  2 sky beasts
  4 orc warriors
  An ice beast (D:4)
  A wolf (D:11)
  An ogre (D:6)
  3 centaurs
  4 phantoms
  2 kobold brigands
  A bullfrog (D:7)
  A gnoll sergeant (D:8)
  8 wights
  3 scorpions (D:5)
  Dowan (D:6)
  14 killer bees
  3 jellies (D:7)
  An electric eel (D:8)
  5 howler monkeys
  6 orc priests
  7 hounds
  An iguana (D:5)
  4 orc wizards
  5 ogre zombies (D:11)
  4 adders
  10 gnolls
  A shadow imp (D:7)
  2 white imps
  2 ufetubi (D:6)
  A ribbon worm (D:4)
  30 orcs
  7 ball pythons
  4 bats
  11 endoplasms
  6 giant cockroaches
  9 goblins
  11 hobgoblins
  10 jackals
  15 kobolds
  3 quokkas
  3 frilled lizards
  3 gnoll skeletons (D:11)
  3 gnoll zombies (D:11)
  11 orc zombies (D:11)
  3 rats (D:1)
266 creatures vanquished.

Notes
Turn   | Place    | Note
-------+----------+-------------------------------------------
     0 | D:1      | Strat the Deep Elf Air Elementalist began the quest for the
                  | Orb.
     0 | D:1      | Reached XP level 1. HP: 10/10 MP: 6/6
   260 | D:1      | Reached XP level 2. HP: 15/15 MP: 2/8
   341 | D:1      | Learned a level 2 spell: Static Discharge
   353 | D:1      | Found Qimupt's Magic Scroll Shop.
   359 | D:1      | Bought a scroll of teleportation for 36 gold pieces
   784 | D:2      | Reached XP level 3. HP: 19/19 MP: 7/10
   883 | D:2      | Reached skill level 4 in Spellcasting
  1193 | D:2      | Reached XP level 4. HP: 21/24 MP: 3/12
  1265 | D:2      | Learned a level 3 spell: Swiftness
  1270 | D:2      | Learned a level 4 spell: Airstrike
  1522 | D:2      | You fall into a shaft and drop 2 floors!
  1687 | D:4      | Found a sand-covered staircase.
  1693 | Ossuary  | Entered an ossuary
  1693 | Ossuary  | Found a huge runed translucent gate.
  1693 | Ossuary  | Found a huge runed translucent gate.
  1693 | Ossuary  | Found a huge runed translucent gate.
  1693 | Ossuary  | Found a huge runed translucent gate.
  1693 | Ossuary  | Found a huge runed translucent gate.
  1693 | Ossuary  | Found a huge runed translucent gate.
  1693 | Ossuary  | Found a huge runed translucent gate.
  1693 | Ossuary  | Found a huge runed translucent gate.
  1693 | Ossuary  | Found a huge runed translucent gate.
  1694 | Ossuary  | Found a huge runed translucent gate.
  1694 | Ossuary  | Found a huge runed translucent gate.
  1695 | Ossuary  | Found a huge runed translucent gate.
  1695 | Ossuary  | Found a huge runed translucent gate.
  1888 | D:4      | Reached XP level 5. HP: 24/28 MP: 9/14
  2266 | D:4      | Reached skill level 5 in Spellcasting
  2635 | D:4      | Noticed an ice beast
  3591 | D:4      | Killed an ice beast
  3592 | D:4      | Reached skill level 5 in Air Magic
  3592 | D:4      | Reached XP level 6. HP: 24/33 MP: 4/16
  3737 | D:5      | Entered Level 5 of the Dungeon
  3737 | D:5      | Found an iron altar of Okawaru.
  3749 | D:5      | Reached skill level 1 in Fighting
  3749 | D:5      | Reached skill level 6 in Spellcasting
  3925 | D:5      | Reached XP level 7. HP: 33/39 MP: 10/18
  3999 | D:5      | Found a stormy altar of Qazlal.
  4407 | D:5      | Noticed a steam dragon
  4463 | D:5      | Killed a steam dragon
  4464 | D:5      | Reached XP level 8. HP: 19/46 MP: 11/19
  5780 | D:6      | Noticed Duvessa
  5780 | D:6      | Noticed Dowan
  5784 | D:6      | Killed Duvessa
  5788 | D:6      | Killed Dowan
  5789 | D:6      | Reached skill level 7 in Spellcasting
  6078 | D:6      | Reached XP level 9. HP: 52/52 MP: 12/21
  6322 | D:6      | Identified the +3 ring mail "Qule" {rPois}
  6432 | D:6      | Noticed Jeremiah
  6435 | D:6      | Killed Jeremiah
  6549 | D:6      | Found a staircase to the Ecumenical Temple.
  6555 | Temple   | Entered the Ecumenical Temple
  6621 | Temple   | Became a worshipper of Sif Muna the Loreminder
  6832 | D:6      | Reached skill level 8 in Spellcasting
  7094 | D:7      | Found Wuedys's Antique Armour Emporium.
  7336 | D:7      | Noticed Joseph
  7373 | D:7      | Killed Joseph
  7374 | D:7      | Reached skill level 5 in Fighting
  7374 | D:7      | Reached skill level 9 in Spellcasting
  7374 | D:7      | Reached skill level 10 in Air Magic
  7683 | D:7      | Learned a level 2 spell: Blink
  7686 | D:7      | Learned a level 2 spell: Call Imp
  7766 | D:7      | Reached skill level 10 in Spellcasting
  8308 | D:8      | Reached * piety under Sif Muna
  8397 | D:8      | Reached XP level 10. HP: 60/60 MP: 17/26
  9578 | D:8      | Noticed a boulder beetle
  9640 | D:8      | Killed a boulder beetle
  9956 | D:9      | Reached skill level 5 in Stealth
 10233 | D:1      | Bought a scroll of blinking for 90 gold pieces
 10233 | D:1      | Bought a scroll of fog for 48 gold pieces
 10752 | D:9      | Found an opulent altar of Gozag.
 10755 | D:9      | Found an ornate altar of the Wu Jian Council.
 10780 | D:9      | Reached skill level 11 in Spellcasting
 10783 | D:9      | Reached skill level 5 in Dodging
 11081 | D:9      | Reached ** piety under Sif Muna
 11326 | D:9      | Learned a level 5 spell: Arcjolt
 11331 | D:9      | Learned a level 4 spell: Iskenderun's Mystic Blast
 11338 | D:9      | Learned a level 6 spell: Plasma Beam
 11588 | D:10     | Entered Level 10 of the Dungeon
 11848 | D:10     | Reached skill level 1 in Fire Magic
 12376 | D:10     | Reached XP level 11. HP: 67/67 MP: 17/28
 12483 | D:10     | Found Wareimuw's Distillery.
 12560 | D:10     | Found a staircase to the Lair.
 12907 | D:10     | Found a glowing golden altar of the Shining One.
 13362 | D:10     | Found a portal to a secret trove of treasure.
 13688 | D:11     | Found a frozen archway.
 13867 | D:11     | Noticed Psyche
 13871 | D:11     | Killed Psyche
 14932 | D:11     | Found a staircase to the Orcish Mines.
 15196 | D:11     | Reached skill level 12 in Spellcasting
 15314 | D:11     | Reached skill level 5 in Conjurations
 15419 | D:11     | Noticed a two-headed ogre
 15423 | D:11     | Killed a two-headed ogre
 15833 | D:11     | Noticed a boulder beetle
 15850 | D:11     | Slain by a boulder beetle

Illustrated notes

Levels and vault maps discovered:
D:1:      giann_bridges, layout_rooms, serial_shops, shop
D:2:      layout_rooms
D:3:      layout_basic
D:4:      layout_loops_cross, nicolae_ossuary_entry_plus
D:5:      kennysheep_steamy, layout_basic, mainiacjoe_overflow_alcove_1,
          okawaru_metal_pillars_1_2, kennysheep_generic_room_3
D:6:      layout_cave_pods, temple_green, uniq_duvessa, uniq_jeremiah
D:7:      layout_gridville, serial_shops, shop, uniq_joseph
D:8:      layout_rooms, amcnicky_mini_rare_corridor_liquid,
          minmay_stone_trees_small, nicolae_water_bricks
D:9:      layout_roguey, chequers_temple_overflow_statue_of_worship,
          minmay_misc_feat_columns, minivault_19, nicolae_figureground_sparkle
D:10:     layout_stronghold, nicolae_tso_carved_into_rock, lair_entry_dummy,
          serial_shops, shop_statue, enter_trove_3
D:11:     layout_cave_pools, zombieorc1_lemuel,
          portal_ice_cave_entry_animals_and_master, uniq_psyche, uniq_erica
Temple:   minmay_crystal_spiral_temple

Skill      XL: |  1  2  3  4  5  6  7  8  9 10 11 |
---------------+----------------------------------+-----
Conjurations   | 2 3 4 5 |  5.1
Spellcasting   | 4 5 6 7 10 11 12 | 12.1
Air Magic      | 4 5 7 9 10 | 10.0
Fighting       | 1 3 4 6 7 |  7.6
Stealth        | 6 |  6.0
Dodging        | 5 6 |  6.8
Fire Magic     | 1 3 |  3.6

Action                     |  1- 3 |  4- 6 |  7- 9 | 10-12 || total
---------------------------+-------+-------+-------+-------++-------
  Melee: Whip              |       |       |     7 |    24 ||    31
   Cast: Shock             |    74 |   126 |    45 |     8 ||   253
         Static Discharge  |     3 |    14 |    23 |    54 ||    94
         Airstrike         |       |       |    80 |   168 ||   248
  Evoke: Wand              |       |       |     1 |       ||     1
    Use: Scroll            |       |     8 |     5 |     7 ||    20
         Potion            |       |       |     1 |     1 ||     2
   Stab: Sleeping          |       |       |       |     2 ||     2
 Armour: Robe              |     4 |    33 |    22 |       ||    59
         Steam dragon scal |       |       |    39 |   149 ||   188
         Skin              |       |       |     1 |       ||     1
  Dodge: Dodged            |     3 |    17 |    19 |    68 ||   107
